 Dungeon Crawl Stone Soup version 0.29.1-13-g9f3cf754e1 (webtiles) character file.

Game seed: 15804341615059329883

98 Thatpatchoflichen the Trooper (level 4, -2/29 HPs)
             Began as a Gargoyle Fighter on Feb 1, 2023.
             Slain by a jackal (3 damage)
             ... on level 3 of the Dungeon.
             The game lasted 00:03:44 (1477 turns).

Thatpatchoflichen the Trooper (Gargoyle Fighter)    Turns: 1477, Time: 00:03:45

Health: -2/29      AC: 15    Str: 22    XL:     4   Next: 69%
Magic:  4/4        EV:  9    Int:  8    God:
Gold:   82         SH:  9    Dex:  9    Spells: 3/3 levels left

rFire   . . .      SeeInvis .   a - +0 flail
rCold   . . .      Faith    .   c - +0 buckler
rNeg    + . .      Spirit   .   b - +0 scale mail
rPois   ∞          Reflect  +   (no helmet)
rElec   +          Harm     .   h - +0 cloak
rCorr   .          Rampage  .   (no gloves)
Will    .....                   (no boots)
Stlth   ..........              m - amulet of reflection
HPRegen 0.09/turn               j - +4 ring of protection
MPRegen 0.09/turn               (no ring)

@: no status effects
A: sickness immunity, AC +3, negative energy resistance 1, electricity
resistance, torment resistance 1, petrification resistance
a: no special abilities


You were on level 3 of the Dungeon.
You visited 1 branch of the dungeon, and saw 3 of its levels.

You collected 82 gold pieces.

Inventory:

Hand Weapons
 a - a +0 flail (weapon)
Armour
 b - a +0 scale mail (worn)
 c - a +0 buckler (worn)
 h - a +0 cloak (worn)
 n - the +1 ring mail of the Original Sin {*Corrode +Blink Int+4}
   (You found it on level 3 of the Dungeon)

   Int:       It affects your intelligence (+4).
   +Blink:    It lets you blink.
   *Corrode:  It may corrode you when you take damage.
Jewellery
 j - a +4 ring of protection (left hand)
 m - an amulet of reflection (around neck)
Scrolls
 e - 2 scrolls of magic mapping {unknown}
 g - 2 scrolls of immolation {unknown}
 i - a scroll of brand weapon {unknown}
 k - a scroll of identify {unknown}
Potions
 d - a potion of might
 f - a potion of magic {unknown}
 l - 4 potions of curing {unknown}


   Skills:
 + Level 4.0 Fighting
 + Level 2.9 Maces & Flails
 + Level 4.0 Armour
 + Level 4.0 Shields


You had 3 spell levels left.
You didn't know any spells.
Your spell library contained the following spells:

 Spells                   Type           Power      Damage    Failure   Level
 Apportation              Tloc           0%         N/A       82%         1
 Alistair's Intoxication  Tmut/Pois      0%         N/A       100%        5


Dungeon Overview and Level Annotations

Branches:
Dungeon (3/15)

Altars:


Innate Abilities, Weirdness & Mutations

You are immune to sickness and miasma.
Your stone body is resilient. (AC +3)
You are immune to poison.
You resist negative energy. (rN+)
You are resistant to electric shocks. (rElec)
You are resistant to unholy torment.
You are immune to petrification.


Message History

You kill the jackal!
The bat hits you but does no damage. The jackal barely misses you.
The jackal attacks as you move away! You block the jackal's attack.
The jackal bites you but does no damage.
The bat hits you but does no damage. The bat attacks as you move away!
You block the bat's attack. x2
You block the jackal's attack. You block the bat's attack.
The jackal attacks as you move away!
The jackal bites you but does no damage.
The bat hits you but does no damage. You block the bat's attack.
The jackal barely misses you. The jackal attacks as you move away!
The jackal closely misses you. The bat attacks as you move away!
The bat closely misses you. The bat hits you but does no damage.
You hear the brisk rusting of a very distant drain.
You block the bat's attack. You block the bat's attack.
The jackal barely misses you. The jackal attacks as you move away!
You block the jackal's attack. The bat attacks as you move away!
The bat hits you but does no damage. x2
The bat closely misses you. The bat hits you but does no damage.
The bat closely misses you. You block the bat's attack.
The bat hits you but does no damage.
You closely miss the bat. The bat hits you.
* * * LOW HITPOINT WARNING * * *
You block the bat's attack. The bat hits you but does no damage.
The jackal bites you but does no damage.
You barely miss the bat. The bat barely misses you. You block the bat's attack.
You block the jackal's attack. The bat hits you but does no damage.
The jackal barely misses you.
You miss the bat. The bat barely misses you. The jackal bites you.
* * * LOW HITPOINT WARNING * * *
The jackal bites you.
* * * LOW HITPOINT WARNING * * *
The bat hits you but does no damage.
You sock the bat!
You kill the bat!
You block the jackal's attack. The jackal bites you.
You die...

#...#...# [# #...#...# .#
#...#...####.# # #~≈≈~.
###............#.# #~≈≈~.
#....########....# #~≈≈~..
#.#.........#.#### #~≈≈~~#
###.....#####.#)# #~~≈≈~###
#..........$..#)# #~≈≈~#..
#.#.....#####@#)#######~≈≈~#.#
#.#......(..hh#........~≈≈~~.#
####)###########g#......#.~~≈≈~..
#..........................~≈≈~##
#..........##########.###..~≈≈~~#
#....####.## #.[....~~≈≈g# #....#
#.# ##.#÷.88~≈≈~~ ####.# #.#
#..÷...(.... ####.####.#
##....†.....


You could see a gnoll and 2 jackals.

Vanquished Creatures
  An orc priest (D:3)
  2 gnolls (D:3)
  A dart slug (D:2)
  5 orcs (D:3)
  2 ball pythons (D:1)
  3 endoplasms
  6 goblins
  4 hobgoblins
  A jackal (D:3)
  3 quokkas (D:1)
  5 bats
  4 frilled lizards
  3 kobolds (D:1)
  4 rats
44 creatures vanquished.

Notes
Turn   | Place    | Note
-------+----------+-------------------------------------------
     0 | D:1      | Thatpatchoflichen the Gargoyle Fighter began the quest for
                  | the Orb.
     0 | D:1      | Reached XP level 1. HP: 14/14 MP: 1/1
   168 | D:1      | Reached XP level 2. HP: 19/19 MP: 2/2
   760 | D:1      | Reached XP level 3. HP: 23/23 MP: 3/3
  1293 | D:3      | Identified the +1 ring mail of the Original Sin {*Corrode
                  | +Blink Int+4}
  1305 | D:3      | Reached XP level 4. HP: 23/29 MP: 4/4
  1476 | D:3      | HP: 1/29 [jackal (3)]
  1477 | D:3      | Slain by a jackal

Illustrated notes

Levels and vault maps discovered:
D:1:      co_arrival_random_square_maze, layout_loops_ring, serial_rivers,
          chequers_serial_rivers_small_a, chequers_serial_rivers_room_b,
          chequers_serial_rivers_micro_e, chequers_serial_rivers_large_b,
          chequers_serial_rivers_marsh, chequers_serial_rivers_small_b
D:2:      layout_rooms, shapermc_ecumenical_altar_rom_forum
D:3:      wander_river, layout_basic, grunt_gozag_breadcrumbs,
          gup_sewer_entry_pipe

Skill      XL: |  1  2  3  4 |
---------------+-------------+-----
Fighting       | 4 |  4.0
Armour         | 4 |  4.0
Shields        | 4 |  4.0
Maces & Flails | |  2.9

Action                   |  1- 3 |  4- 6 || total
-------------------------+-------+-------++-------
Melee: Flail             |    87 |    24 ||   111
Armor: Scale mail        |    73 |    28 ||   101
Dodge: Dodged            |    44 |    21 ||    65
Block: Buckler           |    24 |    30 ||    54
